BR
PITTSBURGH KILLA BEEZ @ OCEANSIDE SWAMP FOXES
07/25/2026
 
TOP OF THE 1ST
Pittsburgh Killa Beez batting - Pitching for Oceanside Swamp Foxes : RHP Ignacio Morales
Pitching: RHP Ignacio Morales
Batting: RHB Stan Taylor 0-0: Ball
1-0: Ball
2-0: Ball
3-0: Called Strike
3-1: Called Strike
3-2: Strikes out swinging
Batting: RHB Jorge Barbosa 0-0: Called Strike
0-1: Foul Ball, location: 2F
0-2: Ball
1-2: Ball
2-2: Strikes out swinging
Batting: LHB Richard Hinkle 0-0: Called Strike
0-1: Ball
1-1: Ball
2-1: Foul Ball, location: 2F
2-2: Foul Ball, location: 2F
2-2: Strikes out swinging
Top of the 1st over - 0 run(s), 0 hit(s), 0 error(s), 0 left on base; Pittsburgh 0 - Oceanside 0
BOTTOM OF THE 1ST
Oceanside Swamp Foxes batting - Pitching for Pittsburgh Killa Beez : LHP Marcos Flores
Pitching: LHP Marcos Flores
Batting: LHB Joel Nelson 0-0: Called Strike
0-1: Called Strike
0-2: Ball
1-2: Strikes out swinging
Batting: SHB Tony Yan 0-0: Ball
1-0: Called Strike
1-1: Called Strike
1-2: Strikes out swinging
Batting: RHB Júlio Rodríguez 0-0: Ball
1-0: SINGLE (Line Drive, 4D)
Batting: LHB Hamilton Hughes 0-0: Called Strike
0-1: Ball
1-1: Foul Ball, location: 2F
1-2: Foul Ball, location: 2F
1-2: SINGLE (Groundball, 6M)
Júlio Rodríguez to second
Runner from 2nd tries for 3rd, SAFE, throw made to third
Batting: RHB Rob Turner 0-0: Ground out 6-3 (Groundball, 6)
Bottom of the 1st over - 0 run(s), 2 hit(s), 0 error(s), 2 left on base; Pittsburgh 0 - Oceanside 0
TOP OF THE 2ND
Pittsburgh Killa Beez batting - Pitching for Oceanside Swamp Foxes : RHP Ignacio Morales
Batting: SHB Juan Glaviz 0-0: Ball
1-0: Called Strike
1-1: Ball
2-1: Fly out, F4 (Line Drive, 4)
Batting: RHB Ricardo Rodríguez 0-0: Called Strike
0-1: Ball
1-1: Swinging Strike
1-2: Foul Ball, location: 2F
1-2: Strikes out swinging
Batting: RHB Gustavo Valle 0-0: Fly out, F9 (Flyball, 89M)
Top of the 2nd over - 0 run(s), 0 hit(s), 0 error(s), 0 left on base; Pittsburgh 0 - Oceanside 0
BOTTOM OF THE 2ND
Oceanside Swamp Foxes batting - Pitching for Pittsburgh Killa Beez : LHP Marcos Flores
Batting: RHB Joe Brinkman 0-0: Called Strike
0-1: SINGLE (Groundball, 6MD)
Batting: RHB Carlos Sánchez 0-0: Ball
1-0: Called Strike
1-1: Ball
2-1: Ball
3-1: Called Strike
3-2: Foul Ball, location: 2F
3-2: Foul Ball, location: 2F
3-2: SINGLE (Line Drive, 34D)
Joe Brinkman to second
Batting: SHB David Boyle 0-0: Foul Ball, location: 2F
0-1: Ball
1-1: Called Strike
1-2: Fly out, F8 (Flyball, 8RM)
Runner from 2nd tags up, SAFE at 3rd with throw
Batting: SHB Dale Winters 0-0: Ball
1-0: Ball
Carlos Sánchez steals 2nd base
2-0: Foul Ball, location: 2F
2-1: Foul Ball, location: 2F
2-2: Strikes out swinging
Batting: LHB Joel Nelson 0-0: Called Strike
0-1: Foul Ball, location: 2F
0-2: Ball
1-2: SINGLE (Line Drive, 78M)
Joe Brinkman scores
Carlos Sánchez to third
Runner from 3rd tries for Home, SAFE, no throw or cutoff
Batting: SHB Tony Yan 0-0: Called Strike
0-1: Foul Ball, location: 2F
0-2: Ball
1-2: Ball
Joel Nelson steals 2nd base
2-2: Ball
3-2: Ground out 6-3 (Groundball, 4M)
Bottom of the 2nd over - 2 run(s), 3 hit(s), 0 error(s), 1 left on base; Pittsburgh 0 - Oceanside 2
TOP OF THE 3RD
Pittsburgh Killa Beez batting - Pitching for Oceanside Swamp Foxes : RHP Ignacio Morales
Batting: RHB Salvador Rodríguez 0-0: Fly out, F7 (Flyball, 7S)
Batting: RHB Kyle Baylor 0-0: Called Strike
0-1: Called Strike
0-2: Fly out, F6 (Line Drive, 6)
Batting: RHB César Martínez 0-0: Called Strike
0-1: Ball
1-1: Ground out 6-3 (Groundball, 6)
Top of the 3rd over - 0 run(s), 0 hit(s), 0 error(s), 0 left on base; Pittsburgh 0 - Oceanside 2
BOTTOM OF THE 3RD
Oceanside Swamp Foxes batting - Pitching for Pittsburgh Killa Beez : LHP Marcos Flores
Batting: RHB Júlio Rodríguez 0-0: Ball
1-0: Ground out 6-3 (Groundball, 6M)
Batting: LHB Hamilton Hughes 0-0: Ball
1-0: Ground out 4-3 (Groundball, 34)
Batting: RHB Rob Turner 0-0: Called Strike
0-1: Foul Ball, location: 2F
0-2: Ball
1-2: Foul Ball, location: 2F
1-2: Ball
2-2: Strikes out looking
Bottom of the 3rd over - 0 run(s), 0 hit(s), 0 error(s), 0 left on base; Pittsburgh 0 - Oceanside 2
TOP OF THE 4TH
Pittsburgh Killa Beez batting - Pitching for Oceanside Swamp Foxes : RHP Ignacio Morales
Batting: RHB Stan Taylor 0-0: Foul Ball, location: 2F
0-1: Ball
1-1: Foul Ball, location: 2F
1-2: Strikes out swinging
Batting: RHB Jorge Barbosa 0-0: Ground out 5-3 (Groundball, 5)
Batting: LHB Richard Hinkle 0-0: Called Strike
0-1: Foul Ball, location: 2F
0-2: Strikes out swinging
Top of the 4th over - 0 run(s), 0 hit(s), 0 error(s), 0 left on base; Pittsburgh 0 - Oceanside 2
BOTTOM OF THE 4TH
Oceanside Swamp Foxes batting - Pitching for Pittsburgh Killa Beez : LHP Marcos Flores
Batting: RHB Joe Brinkman 0-0: Ball
1-0: Ball
2-0: Ball
3-0: Base on Balls
Batting: RHB Carlos Sánchez 0-0: Fly out, F8 (Flyball, 8RM)
Batting: SHB David Boyle 0-0: Called Strike
0-1: Ball
1-1: Called Strike
1-2: Grounds into double play, 4-6-3 (Groundball, 4)
Bottom of the 4th over - 0 run(s), 0 hit(s), 0 error(s), 0 left on base; Pittsburgh 0 - Oceanside 2
TOP OF THE 5TH
Pittsburgh Killa Beez batting - Pitching for Oceanside Swamp Foxes : RHP Ignacio Morales
Batting: SHB Juan Glaviz 0-0: Foul Ball, location: 2F
0-1: Ground out 6-3 (Groundball, 6MS)
Batting: RHB Ricardo Rodríguez 0-0: Ball
1-0: DOUBLE (Flyball, 7M)
Batting: RHB Gustavo Valle 0-0: Swinging Strike
0-1: Ball
1-1: Called Strike
1-2: Ball
2-2: Ball
3-2: Strikes out swinging
Batting: RHB Salvador Rodríguez 0-0: Ground out 6-3 (Groundball, 6M)
Top of the 5th over - 0 run(s), 1 hit(s), 0 error(s), 1 left on base; Pittsburgh 0 - Oceanside 2
BOTTOM OF THE 5TH
Oceanside Swamp Foxes batting - Pitching for Pittsburgh Killa Beez : LHP Marcos Flores
Batting: SHB Dale Winters 0-0: Ball
1-0: Fly out, F8 (Flyball, 8RXD)
Batting: LHB Joel Nelson 0-0: Ball
1-0: Called Strike
1-1: Swinging Strike
1-2: Strikes out swinging
Batting: SHB Tony Yan 0-0: Ball
1-0: Fly out, F8 (Flyball, 8RM)
Bottom of the 5th over - 0 run(s), 0 hit(s), 0 error(s), 0 left on base; Pittsburgh 0 - Oceanside 2
TOP OF THE 6TH
Pittsburgh Killa Beez batting - Pitching for Oceanside Swamp Foxes : RHP Ignacio Morales
Batting: RHB Kyle Baylor 0-0: Ball
1-0: Called Strike
1-1: Foul Ball, location: 2F
1-2: Ball
2-2: Strikes out swinging
Batting: RHB César Martínez 0-0: Ball
1-0: Ball
2-0: Called Strike
2-1: Ground out 1-3 (Groundball, 3S)
Batting: RHB Stan Taylor 0-0: Ball
1-0: Fly out, F8 (Line Drive, 8LM)
Top of the 6th over - 0 run(s), 0 hit(s), 0 error(s), 0 left on base; Pittsburgh 0 - Oceanside 2
BOTTOM OF THE 6TH
Oceanside Swamp Foxes batting - Pitching for Pittsburgh Killa Beez : LHP Marcos Flores
Batting: RHB Júlio Rodríguez 0-0: Ball
1-0: Called Strike
1-1: Called Strike
1-2: Ball
2-2: Ball
3-2: SINGLE (Groundball, 56D)
Batting: LHB Hamilton Hughes 0-0: Ball
1-0: Ball
2-0: Foul Ball, location: 2F
2-1: Ball
3-1: Called Strike
3-2: Foul Ball, location: 2F
3-2: Strikes out swinging
Pitching: RHP John Brock
Batting: RHB Rob Turner 0-0: SINGLE (Line Drive, 6D)
Júlio Rodríguez to second
Batting: RHB Joe Brinkman 0-0: Called Strike
0-1: Ball
1-1: Fly out, F8 (Flyball, 78M)
Batting: RHB Carlos Sánchez 0-0: Ball
1-0: Hit by Pitch
Júlio Rodríguez to third
Rob Turner to second
Batting: SHB David Boyle 0-0: Ball
1-0: Called Strike
1-1: Ball
2-1: Fly out, F7 (Line Drive, 78M)
Bottom of the 6th over - 0 run(s), 2 hit(s), 0 error(s), 3 left on base; Pittsburgh 0 - Oceanside 2
TOP OF THE 7TH
Pittsburgh Killa Beez batting - Pitching for Oceanside Swamp Foxes : RHP Ignacio Morales
Batting: RHB Jorge Barbosa 0-0: Ball
1-0: Called Strike
1-1: Ball
2-1: Foul Ball, location: 2F
2-2: Foul Ball, location: 2F
2-2: Strikes out swinging
Batting: LHB Richard Hinkle 0-0: Ball
1-0: Ball
2-0: Foul Ball, location: 2F
2-1: Foul Ball, location: 2F
2-2: Strikes out swinging
Batting: SHB Juan Glaviz 0-0: Fly out, F9 (Line Drive, 9M)
Top of the 7th over - 0 run(s), 0 hit(s), 0 error(s), 0 left on base; Pittsburgh 0 - Oceanside 2
BOTTOM OF THE 7TH
Oceanside Swamp Foxes batting - Pitching for Pittsburgh Killa Beez : RHP John Brock
Batting: SHB Dale Winters 0-0: Fly out, F9 (Flyball, 89M)
Batting: LHB Joel Nelson 0-0: Fly out, F7 (Flyball, 7M)
Batting: SHB Tony Yan 0-0: Called Strike
0-1: Ball
1-1: Foul Ball, location: 2F
1-2: Ball
2-2: Ball
3-2: Foul Ball, location: 2F
3-2: Fly out, F6 (Line Drive, 6S)
Bottom of the 7th over - 0 run(s), 0 hit(s), 0 error(s), 0 left on base; Pittsburgh 0 - Oceanside 2
TOP OF THE 8TH
Pittsburgh Killa Beez batting - Pitching for Oceanside Swamp Foxes : RHP Ignacio Morales
Batting: RHB Ricardo Rodríguez 0-0: Ball
1-0: Fly out, F3 (Popup, 3L)
Batting: RHB Gustavo Valle 0-0: Ball
1-0: SINGLE (Groundball, 6M)
Pitching: LHP Ramón Rodríguez
Batting: RHB Salvador Rodríguez 0-0: Ball
1-0: SINGLE (Popup, 34D)
Gustavo Valle to second
Runner from 2nd tries for 3rd, SAFE, throw made to third
Pitching: RHP Júlio Lucchi
Pinch Hitting: LHB Dale Miller 0-0: Foul Ball, location: 2F
0-1: Ball
1-1: Foul Ball, location: 2F
1-2: Strikes out swinging
Batting: RHB César Martínez 0-0: DOUBLE (Flyball, 8LD)
Gustavo Valle scores
Salvador Rodríguez to third
Batting: RHB Stan Taylor 0-0: Ball
1-0: Fly out, F8 (Flyball, 8LM)
Top of the 8th over - 1 run(s), 3 hit(s), 0 error(s), 2 left on base; Pittsburgh 1 - Oceanside 2
BOTTOM OF THE 8TH
Oceanside Swamp Foxes batting - Pitching for Pittsburgh Killa Beez : RHP John Brock
Now in LF: Dale Miller
Batting: RHB Júlio Rodríguez 0-0: Reached on error, E6 (Groundball, 6)
Pinch Hitting: LHB Howard Holder 0-0: Ball
1-0: Foul Ball, location: 2F
1-1: SINGLE (Flyball, 89S)
Júlio Rodríguez to second
Pinch Hitting: LHB Luis Aragón 0-0: Called Strike
0-1: Foul Ball, location: 2F
0-2: Foul Ball, location: 2F
0-2: Ball
1-2: Ball
2-2: Foul Ball, location: 2F
2-2: Foul Ball, location: 2F
2-2: Strikes out swinging
Pitching: RHP Earnest Bernhardt
Batting: RHB Joe Brinkman 0-0: Called Strike
0-1: Foul Ball, location: 2F
0-2: Ball
1-2: Ball
2-2: Strikes out looking
Pinch Hitting: SHB Alberto Sandoval 0-0: Ball
1-0: Ball
2-0: Ball
3-0: Called Strike
3-1: Foul Ball, location: 2F
3-2: Foul Ball, location: 2F
3-2: Base on Balls
Júlio Rodríguez to third
Howard Holder to second
Pitching: RHP Kirby Graham
Pinch Hitting: RHB Nathan Smith 0-0: Ball
1-0: Ball
2-0: Foul Ball, location: 2F
2-1: Foul Ball, location: 2F
2-2: Ball
3-2: Foul Ball, location: 2F
3-2: Fly out, F9 (Line Drive, 9LD)
Bottom of the 8th over - 0 run(s), 1 hit(s), 1 error(s), 3 left on base; Pittsburgh 1 - Oceanside 2
TOP OF THE 9TH
Pittsburgh Killa Beez batting - Pitching for Oceanside Swamp Foxes : RHP Júlio Lucchi
Pitching: RHP Roberto Carbaja
Now at 1B: Nathan Smith
Now at 2B: Alberto Sandoval
Now at 3B: Luis Aragón
Now in LF: Clinton O'Brien
Batting: RHB Jorge Barbosa 0-0: Foul Ball, location: 2F
0-1: Swinging Strike
0-2: Strikes out looking
Batting: LHB Richard Hinkle 0-0: Ball
1-0: SOLO HOME RUN (Flyball, 9LD), Distance : 365 ft
Batting: SHB Juan Glaviz 0-0: Hit by Pitch
Batting: RHB Ricardo Rodríguez 0-0: Ball
Juan Glaviz steals 2nd base
1-0: Intentional Walk
Batting: RHB Gustavo Valle 0-0: Called Strike
0-1: Ball
1-1: SINGLE (Line Drive, 78S)
Juan Glaviz to third
Ricardo Rodríguez to second
Runner from 3rd tries for Home, SAFE, no throw or cutoff
Batting: RHB Salvador Rodríguez 0-0: Called Strike
0-1: Foul Ball, location: 2F
0-2: Fly out, F8 (Flyball, 8LM)
Batting: LHB Dale Miller 0-0: Ball
1-0: Ball
2-0: Called Strike
2-1: SINGLE (Groundball, 3D)
Ricardo Rodríguez to third
Gustavo Valle to second
Runner from 3rd tries for Home, SAFE, no throw or cutoff
Pitching: LHP Al McGuire
Batting: RHB César Martínez 0-0: Swinging Strike
0-1: Ball
Wild Pitch!
Gustavo Valle to third
Dale Miller to second
1-1: SINGLE (Flyball, 7S)
Gustavo Valle scores
Dale Miller to third
Runner from 3rd tries for Home, SAFE, no throw or cutoff
Batting: RHB Stan Taylor 0-0: Ball
1-0: Ball
2-0: Ball
3-0: Called Strike
3-1: Ground out 5-3 (Groundball, 56)
Top of the 9th over - 5 run(s), 4 hit(s), 0 error(s), 1 left on base; Pittsburgh 6 - Oceanside 2
BOTTOM OF THE 9TH
Oceanside Swamp Foxes batting - Pitching for Pittsburgh Killa Beez : RHP Kirby Graham
Pitching: RHP Carlos Gabriel
Batting: SHB Dale Winters 0-0: Foul Ball, location: 2F
0-1: Ball
1-1: Ball
2-1: Foul Ball, location: 2F
2-2: Foul Ball, location: 2F
2-2: Foul Ball, location: 2F
2-2: Foul Ball, location: 2F
2-2: Foul Ball, location: 2F
2-2: Fly out, F5 (Popup, 5F)
Batting: LHB Joel Nelson 0-0: Called Strike
0-1: Ground out 4-3 (Groundball, 4)
Batting: SHB Tony Yan 0-0: Foul Ball, location: 2F
0-1: Foul Ball, location: 2F
0-2: Fly out, F7 (Flyball, 78M)
Bottom of the 9th over - 0 run(s), 0 hit(s), 0 error(s), 0 left on base; Pittsburgh 6 - Oceanside 2
Monday, December 5th, 2016 - OOTP Baseball 17.12 Build 75